 Dungeon Crawl Stone Soup version 0.20.1-1-g8b1a95d (webtiles) character file.

111 Internecine the Bolt Thrower (level 4, -5/32 HPs)
             Began as a Merfolk Arcane Marksman on Oct 1, 2017.
             Killed by nerve-wracking pain
             ... invoked by an orc priest
              (13 damage)
             ... on level 3 of the Dungeon.
             The game lasted 00:20:24 (2420 turns).

Internecine the Bolt Thrower (MfAM)                 Turns: 2420, Time: 00:20:24

Health: -5/32      AC:  3    Str: 10    XL:     4   Next: 92%
Magic:  5/5        EV: 13    Int: 12    God:
Gold:   97         SH:  0    Dex: 15    Spells: 2/5 levels left

rFire    . . .     SeeInvis .   a - +0 hand crossbow
rCold    . . .     Gourm    .   (no shield)
rNeg     . . .     Faith    .   o - +0 leather armour
rPois    .         Spirit   .   (no helmet)
rElec    .         Reflect  .   (no cloak)
rCorr    .         Harm     .   (no gloves)
MR       .....                  (no boots)
Stlth    +.........             (no amulet)
Regen    0.1/turn               i - ring of flight
MPRegen  0.1/turn               (no ring)

@: no status effects
A: change form in water, swift swim, stealthy swim
a: Evoke Flight


You were on level 3 of the Dungeon.
You were not hungry.

You visited 1 branch of the dungeon, and saw 3 of its levels.

You collected 97 gold pieces.

Inventory:

Hand Weapons
 a - a +0 hand crossbow (weapon)
 g - a +0 dagger
 k - a cursed -1 dagger
 q - a +0 short sword
 C - a -2 hand axe
Missiles
 d - 18 bolts (quivered)
 h - 127 stones
 j - 21 poisoned needles
 u - 41 sling bullets
Armour
 e - a +0 robe
 n - a +0 ring mail
 o - a +0 leather armour (worn)
 s - a +0 chain mail
 x - a +0 ring mail
 D - a +0 chain mail
Jewellery
 i - a ring of flight (left hand)
 t - a +2 ring of intelligence {unknown}
Wands
 y - a wand of iceblast (11/15)
Scrolls
 p - a scroll of fog
 r - a scroll of enchant armour
Potions
 l - a potion of ambrosia {unknown}
 m - a potion of berserk rage {unknown}
 A - a potion of curing {unknown}
 B - a potion of mutation {unknown}
Books
 c - a book of Debilitation

   Spells                             Type                      Level
   a - Corona                         Hexes                        1
   b - Slow                           Hexes                        2
   c - Inner Flame                    Hexes/Fire                   3
   d - Portal Projectile              Hexes/Translocation          3
   e - Cause Fear                     Hexes                        4
   f - Leda's Liquefaction            Hexes/Earth                  4
Comestibles
 f - 2 bread rations


   Skills:
 + Level 1.4 Fighting
 + Level 3.4 Crossbows
 + Level 3.4 Dodging
 + Level 0.2 Stealth
 + Level 1.1 Spellcasting
 + Level 3.3 Hexes


You had 2 spell levels left.
You knew the following spells:

 Your Spells              Type           Power        Failure   Level  Hunger
a - Corona                Hex            #......      11%         1    ##.....
b - Slow                  Hex            #.......     16%         2    ###....


Dungeon Overview and Level Annotations

Branches:
Dungeon (3/15)

Altars:


Message History

Firing (i - inventory. (,) - cycle):
d - 20 bolts (quivered)
Press: ? - help, Shift-Dir - straight line, f/p - orc priest
Aim: an orc priest, wielding a club (heavily wounded)
You shoot a bolt. The bolt barely misses the orc priest.
The bolt closely misses the orc.
The bolt hits the goblin!
You kill the goblin!
The orc priest hits you but does no damage.
The orc priest begins to cast a cantrip, but forgets the words!
The orc priest hits you with a club.
Firing (i - inventory. (,) - cycle):
d - 19 bolts (quivered)
Press: ? - help, Shift-Dir - straight line, f/p - orc priest
Aim: an orc priest, wielding a club (heavily wounded)
You shoot a bolt. The bolt hits the orc priest.
The orc priest is almost dead.
The orc priest hits you with a club!
* * * LOW HITPOINT WARNING * * *
The orc priest miscasts a cantrip.
The orc priest mumbles some strange prayers to Beogh against you.
Pain shoots through your body!
You die...

#.......# # #.......# #
#.......#######
####..............
#..........#####..
#..........#......
#..........#.###..
...###########.........# #..
(((..oo.oo.@...#####.#####..
################ #........
#######.. #.. #.. ###


You could see 2 orc priests and 2 orcs.

Vanquished Creatures
  2 gnolls
  2 adders (D:2)
  A worm (D:2)
  A dart slug (D:1)
  A leopard gecko (D:3)
  2 orcs (D:3)
  4 giant cockroaches
  8 goblins
  5 hobgoblins
  5 jackals
  3 quokkas
  2 ball pythons (D:1)
  5 bats
  3 frilled lizards
  9 kobolds
  A leopard gecko skeleton (D:3)
  12 rats
66 creatures vanquished.

Notes
Turn   | Place    | Note
-------+----------+-------------------------------------------
     0 | D:1      | Internecine the Merfolk Arcane Marksman began the quest for the Orb.
     0 | D:1      | Reached XP level 1. HP: 15/15 MP: 2/2
   141 | D:1      | Reached XP level 2. HP: 15/21 MP: 3/3
   310 | D:1      | Learned a level 2 spell: Slow
   542 | D:1      | Reached XP level 3. HP: 26/26 MP: 4/4
  1193 | D:2      | Reached XP level 4. HP: 23/32 MP: 5/5
  1258 | D:2      | Found a faded altar of an unknown god.
  2420 | D:3      | Killed from afar by an orc priest

Skill      XL: |  1  2  3  4 |
---------------+-------------+-----
Crossbows      | 2 3 |  3.4
Dodging        | 3 |  3.4
Fighting       | |  1.4
Stealth        | |  0.2
Spellcasting   | |  1.1
Hexes          | |  3.3

Action                   |  1- 3 |  4- 6 || total
-------------------------+-------+-------++-------
Melee: Dagger            |     9 |       ||     9
 Fire: Hand crossbow     |    75 |    72 ||   147
 Cast: Slow              |     1 |     4 ||     5
  Use: Scroll            |     1 |     5 ||     6
  Eat: Chunk             |     1 |     4 ||     5
Armor: Robe              |    12 |     9 ||    21
Dodge: Dodged            |    35 |    31 ||    66
